 Dungeon Crawl Stone Soup version 0.28.0-53-g5a82cb258f (webtiles) character file.

Game seed: 4642617671615165196

85 MiltankisOP the Covert (level 4, 0/23 HPs)
             Began as a Spriggan Delver on July 12, 2022.
             Succumbed to a kobold's poison
             ... on level 3 of the Dungeon.
             The game lasted 00:05:17 (3242 turns).

MiltankisOP the Covert (Spriggan Delver)            Turns: 3242, Time: 00:05:17

Health: 0/23       AC:  2    Str:  8    XL:     4   Next: 25%
Magic:  5/5        EV: 18    Int: 11    God:
Gold:   45         SH:  0    Dex: 18    Spells: 3/3 levels left

rFire   . . .      SeeInvis +   a - +0 short sword
rCold   . . .      Faith    .   (no shield)
rNeg    . . .      Spirit   .   b - +0 robe
rPois   .          Reflect  .   (helmet restricted)
rElec   .          Harm     .   (no cloak)
rCorr   .          Rampage  .   (gloves unavailable)
Will    +....                   (boots unavailable)
Stlth   ++++......              (no amulet)
HPRegen 0.07/turn               l - ring of willpower
MPRegen 0.09/turn               (no ring)

@: lethally poisoned (0 -> -20), very quick
A: very small, no large weapons, unfitting armour, see invisible, speed 3
a: no special abilities


You were on level 3 of the Dungeon.
You visited 1 branch of the dungeon, and saw 5 of its levels.

You collected 87 gold pieces.
You spent 42 gold pieces at shops.

Inventory:

Hand Weapons
 a - a +0 short sword (weapon)
 k - a +2 dagger of holy wrath
Armour
 b - a +0 robe (worn)
Jewellery
 l - a ring of willpower (left hand)
Wands
 g - a wand of digging (3)
Scrolls
 c - a scroll of fog
 d - a scroll of magic mapping
 e - 2 scrolls of fear
 h - a scroll of identify {unknown}
 j - a scroll of teleportation {unknown}
 n - a scroll of enchant armour {unknown}
Potions
 f - a potion of haste
 i - a potion of invisibility {unknown}
 m - 2 potions of curing
 o - 2 potions of attraction {unknown}
 p - 3 potions of brilliance {unknown}
 q - 2 potions of flight {unknown}


   Skills:
 - Level 2.4 Fighting
 - Level 2.3 Short Blades
 - Level 2.8 Dodging
 + Level 9.6 Stealth


You had 3 spell levels left.
You didn't know any spells.
Your spell library was empty.

Dungeon Overview and Level Annotations

Branches:
Dungeon (5/15)
 Temple: D:4-7

Altars:
Vehumet

Shops:
D:1 !   D:2 (   D:4 (


Innate Abilities, Weirdness & Mutations

You are very small and have problems with some larger weapons.
You are too small for most types of armour.
You have supernaturally acute eyesight. (SInv)
You cover ground extremely quickly. (Speed+++)


Message History

You barely miss the jackal. The jackal closely misses you.
You hit the jackal.
The jackal is almost dead.
The jackal closely misses you. x2
You hit the jackal.
You kill the jackal!
The jackal bites you. The jackal barely misses you.
You hit the jackal.
The jackal is almost dead.
The jackal bites you.
You miss the jackal.
The jackal is almost dead.
The jackal completely misses you. The jackal misses you.
You closely miss the jackal.
The jackal is almost dead.
The jackal completely misses you.
You hit the jackal.
You kill the jackal!
No target in view!
A kobold is nearby!
A kobold is nearby!
The kobold shouts!
The kobold throws a stone.
The stone closely misses you. The kobold closely misses you.
You barely miss the kobold.
The kobold hits you with a +2 short sword of venom.
You are poisoned.
You hit the kobold but do no damage.
You feel very sick.
The kobold hits you with a +2 short sword of venom!
You are more poisoned.
You are too injured to fight recklessly!
You are too injured to fight recklessly!
You are too injured to fight recklessly!
You are too injured to fight recklessly!
* * * LOW HITPOINT WARNING * * *
You feel very sick.
* * * LOW HITPOINT WARNING * * *
You feel sick.
You die...

#.### ######## #######'###
.......######## ..........#
.......#......# .......†..#
.......#......####### ..........)
.......#............# ###########
.......#........>...## #...###
.......#.....K.......######.#.#..
................@.....).....#.#.#
###...........##.....######.....#
###...###.....##........###......
........#.....##..........#...###
.....h#.#.....##..†.....#.#....##
.....h..'........................
......###..[..#.#####...#.###..#.
......# #.......#.###...#.......<
.....h# #.......#...#...#####..#.


You could see a kobold.

Vanquished Creatures
  An adder (D:2)
  A worm (D:2)
  A dart slug (D:1)
  7 orcs
  6 endoplasms
  2 giant cockroaches (D:1)
  8 goblins
  4 hobgoblins
  5 jackals (D:3)
  3 kobolds
  A quokka (D:3)
  7 ball pythons
  5 bats
  3 frilled lizards (D:2)
  4 rats
58 creatures vanquished.

Notes
Turn   | Place    | Note
-------+----------+-------------------------------------------
     0 | D:5      | MiltankisOP the Spriggan Delver began the quest for the
                  | Orb.
     0 | D:5      | Reached XP level 1. HP: 11/11 MP: 2/2
    69 | D:5      | Noticed a scorpion
   116 | D:4      | Found Edokhoomp's Antique Weapon Shop.
   127 | D:4      | Found a radiant altar of Vehumet.
   177 | D:4      | Noticed an ogre
   383 | D:2      | Reached XP level 2. HP: 14/16 MP: 3/3
   662 | D:1      | Found a faded altar of an unknown god.
   674 | D:1      | Reached skill level 8 in Stealth
   817 | D:1      | Reached XP level 3. HP: 16/19 MP: 4/4
  1648 | D:1      | Found Coakhex's Distillery.
  1656 | D:1      | Bought a potion of curing for 42 gold pieces
  1934 | D:2      | Reached skill level 9 in Stealth
  1998 | D:2      | Found Mycsef's Weapon Emporium.
  2692 | D:3      | Reached XP level 4. HP: 22/23 MP: 5/5
  3242 | D:3      | Succumbed to a kobold's poison

Illustrated notes

Levels and vault maps discovered:
D:1:      wander_arrival_lonely_grave, layout_basic, serial_shops,
          nicolae_shop_hallway_stairs, chequers_ecumenical_altar_twisty
D:2:      layout_loops_ring, serial_shops, nicolae_shop_window_shopping,
          kennysheep_generic_room_14
D:3:      layout_basic, uniq_sigmund
D:4:      minmay_wonky_spiral, layout_gridville, nicolae_overflow_hidden_temple,
          nicolae_vehumet_radiance, serial_shops, shop, hangedman_decor_lopped,
          minmay_shop_grid_forest
D:5:      layout_basic, minmay_temple_entry_overgrown, uniq_pikel

Skill      XL: |  1  2  3 |
---------------+----------+-----
Stealth        | 8 9 |  9.6
Fighting       | |  2.4
Short Blades   | |  2.3
Dodging        | |  2.8

Action                   |  1- 3 |  4- 6 || total
-------------------------+-------+-------++-------
Melee: Short sword       |   109 |    68 ||   177
       Punch             |     1 |       ||     1
 Stab: Sleeping          |    25 |       ||    25
Armor: Robe              |     8 |     4 ||    12
Dodge: Dodged            |    73 |    57 ||   130
